 Dungeon Crawl Stone Soup version 0.21.1-1-g345015fe64 (webtiles) character file.

69025 KamiKatze the Severer (level 14, -2/132 HPs)
             Began as a Minotaur Berserker on July 21, 2018.
             Was a High Priest of Trog.
             Slain by a spark wasp (17 damage)
             ... on level 4 of the Lair of Beasts.
             The game lasted 01:20:14 (17481 turns).

KamiKatze the Severer (Minotaur Berserker)         Turns: 17481, Time: 01:20:15

Health: -2/132     AC: 20    Str: 27    XL:     14   Next: 88%
Magic:  13/13      EV: 17    Int:  4    God:    Trog [*****.]
Gold:   969        SH:  0    Dex: 10    Spells: 13/13 levels left

rFire    . . .     SeeInvis +   a - +2 battleaxe (venom)
rCold    . . .     Gourm    .   (shield currently unavailable)
rNeg     . . .     Faith    .   o - +2 chain mail {rPois}
rPois    +         Spirit   .   P - +0 hat {SInv}
rElec    .         Reflect  .   (no cloak)
rCorr    +         Harm     .   f - +0 pair of gloves
MR       +....                  u - +2 pair of boots {Fly}
Stlth    ..........             s - amulet of regeneration
HPRegen  0.72/turn              N - +3 ring of evasion
MPRegen  0.13/turn              z - ring of resist corrosion

@: no status effects
A: retaliatory headbutt, horns 2
a: Berserk, Trog's Hand, Brothers in Arms, Burn Spellbooks, Renounce Religion,
Evoke Flight


You were on level 4 of the Lair of Beasts.
You worshipped Trog.
Trog was extremely pleased with you.
You were not hungry.

You visited 4 branches of the dungeon, and saw 18 of its levels.
You also visited: Labyrinth.

You collected 969 gold pieces.

Inventory:

Hand Weapons
 a - a +2 battleaxe of venom (weapon)
 b - a +3 broad axe of electrocution
 e - a +6 antimagic executioner's axe
 w - a +2 morningstar of holy wrath
Missiles
 E - a javelin
 F - 2 throwing nets
 G - a tomahawk (quivered)
Armour
 f - a +0 pair of gloves (worn)
 o - a +2 chain mail of poison resistance (worn)
 u - a +2 pair of boots of flying (worn)
 P - a +0 hat of see invisible (worn)
Jewellery
 j - a +5 ring of intelligence
 s - an amulet of regeneration (around neck)
 z - a ring of resist corrosion (right hand)
 N - a +3 ring of evasion (left hand)
Wands
 g - a wand of clouds (11)
 x - a wand of flame (77)
 y - a wand of iceblast (34)
 D - a wand of disintegration (11)
 O - a wand of acid (17)
 T - a wand of polymorph (21)
 U - a wand of digging (22)
Scrolls
 i - 5 scrolls of teleportation
 r - 7 scrolls of remove curse
 t - 2 scrolls of blinking
 A - a scroll of magic mapping
 J - 3 scrolls of fog
 K - 7 scrolls of fear
Potions
 d - 4 potions of berserk rage
 h - 4 potions of curing
 l - 3 potions of lignification
 n - a potion of heal wounds
 p - 6 potions of resistance
 q - 3 potions of degeneration {unknown}
 v - a potion of ambrosia {unknown}
 L - 2 potions of invisibility {unknown}
 M - a potion of magic {unknown}
 R - 3 potions of agility {unknown}
 S - a potion of cancellation {unknown}
Comestibles
 c - 26 rations


   Skills:
 + Level 14.2 Fighting
 * Level 19.0 Axes
 + Level 14.1 Armour
 + Level 13.0 Dodging


You had 13 spell levels left.
You didn't know any spells.

Dungeon Overview and Level Annotations

Branches:
Dungeon (9/15)             Temple (1/1) D:4            Lair (6/6) D:9
  Swamp (0/4) Lair:3       Spider (2/4) Lair:4        Slime (0/5) Lair:5
    Orc: D:9-12

Altars:
Ashenzari
Cheibriados
Dithmenos
Elyvilon
Fedhas
Gozag
Hepliaklqana
Kikubaaqudgha
Makhleb
Nemelex Xobeh
Okawaru
Qazlal
Ru
Sif Muna
Trog
Uskayaw
Vehumet
Wu Jian
Xom
Yredelemnul
Zin
The Shining One
Jiyva

Shops:
D:5 %(   D:8 *

Annotations:
Lair:5 1 runed door


Innate Abilities, Weirdness & Mutations

You reflexively headbutt those who attack you in melee.
You have a pair of horns on your head.


Message History

* * * LOW HITPOINT WARNING * * *
The spark wasp misses you.
You feel much better.
The spark wasp stings you but does no damage.
You hit the spark wasp but do no damage.
The spark wasp is poisoned.
The spark wasp is lightly wounded.
The spark wasp stings you but does no damage.
You closely miss the spark wasp. Your headbutt misses the spark wasp.
The spark wasp is moderately wounded.
The spark wasp stings you.
* * * LOW HITPOINT WARNING * * *
The spark wasp shocks you!
* * * LOW HITPOINT WARNING * * *
The spark wasp barely misses you. You furiously retaliate!
You headbutt the spark wasp!
You feel much better. The spark wasp stings you!!
* * * LOW HITPOINT WARNING * * *
The spark wasp shocks you!
You die...

....#...#.........#
...##...##..P..#..##
....#..####..###...##
##.##..#.#..........#
#P.##..............##
..................##
..................#
...............y..#
..........P..P.†@.#
#........#...##†..#
###......##..#.#..#
P##.....##........##
.###....P#....##...#
.##P....P....##...##
####...PP.P...##..##
#.#.....P#.P#.#....#
#.......########..##


You could see a spark wasp.

Vanquished Creatures
  Gastronok (Lair:1)
  2 emperor scorpions
  2 entropy weavers (Spider:1)
  A dire elephant (Lair:6)
  A minotaur (Lab)
  6 hydras
  2 catoblepae (Lair:6)
  A centaur warrior (D:9)
  A deep troll shaman (Lair:6)
  11 death yaks
  A deep elf mage (D:9)
  4 orb spiders (Spider:1)
  2 orc sorcerers (D:9)
  An oklob plant (Lair:6)
  11 wolf spiders
  8 elephants (Lair:6)
  A gargoyle (D:9)
  3 black mambas
  11 spiny frogs
  2 rime drakes
  3 torpor snails
  The ghost of SlightEye the Sneak, a novice OpEn (D:4)
  3 komodo dragons
  6 demonic crawlers (Spider:1)
  12 jumping spiders
  8 polar bears
  29 blink frogs
  9 hippogriffs
  2 hornets (Spider:1)
  A hippogriff (shapeshifter) (D:9)
  19 redbacks
  2 spriggans
  10 tarantellas (Spider:1)
  Eustachio (D:4)
  Sigmund (D:6)
  2 wyverns (D:8)
  Grum (D:9)
  23 yaks
  A basilisk (D:9)
  5 porcupines
  An orc warrior (D:8)
  11 water moccasins
  3 black bears
  4 sky beasts
  2 ice beasts (D:5)
  2 necrophages (D:9)
  10 wolves
  3 ogres
  16 crocodiles
  3 centaurs
  A big kobold (D:9)
  14 bullfrogs
  6 scorpions
  A wyvern skeleton (D:8)
  A killer bee (Lair:3)
  A howler monkey (D:4)
  5 wights (D:9)
  3 bullfrog zombies
  3 centaur zombies
  A quasit (D:8)
  2 crimson imps
  2 jellies
  A bullfrog skeleton (D:7)
  8 hounds
  A gnoll shaman (D:9)
  3 orc priests
  2 centaur skeletons
  Ijyb (D:5)
  6 iguanas
  8 orc wizards
  7 worker ants
  A killer bee zombie (D:6)
  A hound zombie (D:5)
  A hound skeleton (D:9)
  5 gnolls
  13 adders
  4 shadow imps
  3 oozes
  2 dart slugs
  5 leopard geckos
  24 orcs
  4 ball pythons
  3 giant cockroaches
  7 goblins
  5 hobgoblins
  15 jackals
  2 kobolds (D:1)
  4 quokkas
  A ball python zombie (D:6)
  7 bats
  5 frilled lizards
  4 rats
  5 fungi
  15 plants
479 creatures vanquished.

Vanquished Creatures (others)
  3 fungi
  2 plants
5 creatures vanquished.

Grand Total: 484 creatures vanquished

Notes
Turn   | Place    | Note
-------+----------+-------------------------------------------
     0 | D:1      | KamiKatze the Minotaur Berserker began the quest for the Orb.
     0 | D:1      | Reached XP level 1. HP: 19/19 MP: 0/0
   130 | D:1      | Reached XP level 2. HP: 18/27 MP: 1/1
   177 | D:1      | Reached skill level 4 in Axes
   494 | D:1      | Reached ** piety under Trog
   705 | D:2      | Reached XP level 3. HP: 30/33 MP: 2/2
  1281 | D:2      | Reached XP level 4. HP: 35/40 MP: 3/3
  1736 | D:3      | Reached skill level 5 in Axes
  1927 | D:3      | Found a snail-covered altar of Cheibriados.
  1930 | D:3      | You fall through a shaft for 3 floors!
  1930 | D:6      | Noticed a black bear
  1939 | D:6      | Reached XP level 5. HP: 33/47 MP: 4/4
  1940 | D:6      | Killed a black bear
  1940 | D:6      | Reached XP level 6. HP: 35/55 MP: 5/5
  1942 | D:6      | Reached skill level 6 in Axes
  2216 | D:6      | Noticed a sky beast
  2279 | D:6      | Reached skill level 5 in Fighting
  2455 | D:6      | Killed a sky beast
  2525 | D:6      | Reached XP level 7. HP: 61/61 MP: 6/6
  2595 | D:6      | Noticed Sigmund
  2608 | D:6      | Killed Sigmund
  2608 | D:6      | Reached skill level 7 in Axes
  2608 | D:6      | Reached skill level 5 in Armour
  3228 | D:6      | Reached XP level 8. HP: 58/70 MP: 7/7
  3235 | D:5      | Entered Level 5 of the Dungeon
  3236 | D:5      | Found Biec's Weapon Shop.
  3417 | D:4      | Reached skill level 8 in Axes
  3417 | D:4      | Reached skill level 5 in Dodging
  3424 | D:4      | Reached *** piety under Trog
  3619 | D:4      | Noticed SlightEye's ghost (novice OpEn)
  3630 | D:4      | Killed SlightEye's ghost
  3687 | D:4      | Found a staircase to the Ecumenical Temple.
  3697 | Temple   | Entered the Ecumenical Temple
  3962 | D:4      | Reached skill level 9 in Axes
  4131 | D:4      | Noticed Eustachio
  4344 | D:5      | Found Oray's Food Shoppe.
  4630 | D:5      | Reached XP level 9. HP: 78/79 MP: 8/8
  4839 | D:5      | Noticed Ijyb
  4849 | D:5      | Paralysed by Ijyb for 5 turns
  4854 | D:5      | Killed Ijyb
  5430 | D:6      | Found an ornate altar of the Wu Jian Council.
  5845 | D:4      | Killed Eustachio
  5845 | D:4      | Reached skill level 10 in Axes
  6593 | D:7      | Reached **** piety under Trog
  6861 | D:8      | Reached skill level 11 in Axes
  6995 | D:8      | Reached XP level 10. HP: 82/90 MP: 9/9
  7042 | D:8      | Found Kuulline's General Store.
  7517 | D:9      | Reached skill level 12 in Axes
  7620 | D:9      | Reached ***** piety under Trog
  7894 | D:9      | Found a staircase to the Lair.
  8028 | D:9      | Reached XP level 11. HP: 86/98 MP: 10/10
  8034 | D:9      | Noticed Grum
  8055 | D:9      | Reached skill level 13 in Axes
  8058 | D:9      | Killed Grum
  8182 | D:9      | Noticed an orc sorcerer
  8183 | D:9      | Noticed a deep elf mage
  8201 | D:9      | Killed an orc sorcerer
  8207 | D:9      | Killed a deep elf mage
  8207 | D:9      | Reached skill level 10 in Fighting
  8223 | D:9      | Noticed a centaur warrior
  8232 | D:9      | Killed a centaur warrior
  8235 | D:9      | Noticed an orc sorcerer
  8239 | D:9      | Killed an orc sorcerer
  8320 | D:9      | Reached skill level 10 in Armour
  8361 | D:9      | Got a steaming hand axe
  8362 | D:9      | Identified the cursed +0 hand axe of Chagrin {drain, +Blink} (You found it on level 9 of the Dungeon)
  8577 | Lair:1   | Entered Level 1 of the Lair of Beasts
  8598 | Lair:1   | Received a gift from Trog
  8608 | Lair:1   | Noticed Gastronok
  8619 | Lair:1   | Killed Gastronok
  8619 | Lair:1   | Reached skill level 14 in Axes
  8662 | Lair:1   | Noticed a four-headed hydra
  8688 | Lair:1   | Killed a four-headed hydra
  9018 | Lair:1   | Reached XP level 12. HP: 109/109 MP: 11/11
  9172 | Lair:1   | Reached skill level 10 in Dodging
  9571 | Lair:2   | You fall through a shaft!
  9707 | Lair:2   | Reached skill level 15 in Axes
  9908 | Lair:2   | Got a heavily runed chain mail
 10552 | Lair:2   | Identified the +2 chain mail "Juefitydd" {Str+4} (You found it on level 2 of the Lair of Beasts)
 10741 | Lair:3   | Received a gift from Trog
 10767 | Lair:3   | Noticed a four-headed hydra
 10883 | Lair:3   | Found a staircase to the Swamp.
 10999 | Lair:3   | Killed a four-headed hydra
 11548 | Lair:4   | Reached skill level 16 in Axes
 11649 | Lair:4   | Noticed a five-headed hydra
 11665 | Lair:4   | Killed a five-headed hydra
 11753 | Lair:4   | Noticed an eight-headed hydra
 11770 | Lair:3   | Reached XP level 13. HP: 117/117 MP: 12/12
 11878 | Lair:4   | Found a hole to the Spider Nest.
 12596 | Lair:5   | Found a labyrinth entrance.
 12615 | Lab      | Entered a labyrinth
 12947 | Lab      | Noticed a minotaur
 12952 | Lab      | Killed a minotaur
 13371 | Lair:5   | Found a runed door.
 13372 | Lair:5   | Found a viscous altar of Jiyva.
 13372 | Lair:5   | Noticed an acid blob
 13375 | Lair:5   | Found a staircase to the Slime Pits.
 13375 | Lair:5   | Noticed an acid blob
 13506 | Lair:5   | Received a gift from Trog
 13631 | Lair:6   | Entered Level 6 of the Lair of Beasts
 14028 | Lair:6   | Reached skill level 17 in Axes
 15070 | Lair:6   | Reached XP level 14. HP: 76/128 MP: 13/13
 15658 | Spider:1 | Entered Level 1 of the Spider Nest
 15658 | Spider:1 | Noticed an emperor scorpion
 15694 | Lair:4   | HP: 9/192 [poisoned by an emperor scorpion]
 15695 | Lair:4   | Killed an emperor scorpion
 15695 | Lair:4   | Received a gift from Trog
 15695 | Lair:4   | Reached skill level 18 in Axes
 16116 | Spider:1 | Noticed an entropy weaver
 16123 | Spider:1 | Killed an entropy weaver
 16587 | Spider:1 | Noticed an emperor scorpion
 16609 | Spider:1 | Killed an emperor scorpion
 16745 | Spider:1 | Noticed an entropy weaver
 16770 | Spider:1 | Killed an entropy weaver
 16882 | Spider:1 | Received a gift from Trog
 17474 | Lair:4   | HP: 3/132 [redback (10)]
 17474 | Lair:4   | Reached skill level 19 in Axes
 17480 | Lair:4   | HP: 4/132 [spark wasp (13)]
 17481 | Lair:4   | Slain by a spark wasp

Skill      XL: |  1  2  3  4  5  6  7  8  9 10 11 12 13 14 |
---------------+-------------------------------------------+-----
Axes           | 4 5 6 7 9 11 12 14 16 17 19 | 19.0
Fighting       | 4 5 6 7 8 9 11 12 13 14 | 14.2
Armour         | 3 4 5 6 8 9 10 12 13 14 | 14.1
Dodging        | 3 4 6 7 8 9 11 12 13 | 13.0

Action                   |  1- 3 |  4- 6 |  7- 9 | 10-12 | 13-15 || total
-------------------------+-------+-------+-------+-------+-------++-------
Melee: Hand axe          |    82 |    82 |    52 |       |       ||   216
       Headbutt          |     9 |     9 |    52 |    85 |   115 ||   270
       Broad axe         |       |       |   195 |   389 |   354 ||   938
       Morningstar       |       |       |       |    17 |    30 ||    47
       Battleaxe         |       |       |       |     8 |    39 ||    47
       Executioner's axe |       |       |       |       |    17 ||    17
Throw: Stone             |     2 |       |     4 |       |       ||     6
       Javelin           |       |       |       |     9 |     1 ||    10
       Tomahawk          |       |       |       |     7 |    14 ||    21
Invok: Berserk           |       |     2 |     2 |     3 |     8 ||    15
       Trog's Hand       |       |     1 |     2 |     3 |     2 ||     8
       Burn Spellbooks   |       |       |       |     2 |     3 ||     5
 Abil: Stop Flying       |       |       |     1 |       |       ||     1
Evoke: Wand              |       |       |       |     2 |     3 ||     5
  Use: Scroll            |       |       |     5 |    11 |     7 ||    23
       Potion            |       |       |       |       |     4 ||     4
  Eat: Chunk             |     1 |     6 |    14 |    16 |    12 ||    49
       Ration            |       |       |     1 |     1 |     5 ||     7
Armor: Animal skin       |     1 |       |       |       |       ||     1
       Ring mail         |    21 |    32 |       |       |       ||    53
       Scale mail        |       |       |    15 |       |       ||    15
       Chain mail        |       |       |    92 |   165 |   274 ||   531
Dodge: Dodged            |    55 |    56 |   118 |   196 |   471 ||   896
